 Dungeon Crawl Stone Soup version 0.17.0-8-gb983d21 (console) character file.

347 2d6 the Charlatan (level 6, -1/50 HPs)
             Began as a Draconian Artificer on Nov 9, 2015.
             Slain by an ogre
             ... wielding a +0 giant club
              (13 damage)
             ... on level 4 of the Dungeon.
             The game lasted 00:25:06 (4237 turns).

2d6 the Charlatan (Draconian Artificer)             Turns: 4237, Time: 00:25:06

Health: -1/50      AC:  7    Str: 16    XL:     6   Next: 32%
Magic:  9/9        EV:  8    Int: 12    God:
Gold:   131        SH: 10    Dex: 11    Spells: 0 memorised, 5 levels left

rFire  . . .     SeeInvis .     q - +0 spear (freeze)
rCold  . . .     Clarity  .     (armour unavailable)
rNeg   . . .     SustAt   .     k - -2 large shield (curse)
rPois  .         Gourm    .     (helmet restricted)
rElec  .         Spirit   .     s - +0 cloak
rCorr  .         Warding  .     (no gloves)
rMut   .         Stasis   .     (no boots)
MR     .....                    (no amulet)
Stlth  +++.......               u - ring of wizardry
                                j - ring of stealth

@: not resistant to hostile enchantments, fairly stealthy
A: unfitting armour, cold-blooded, AC +6
a: no special abilities


You were on level 4 of the Dungeon.
You were not hungry.

You visited 1 branch of the dungeon, and saw 4 of its levels.

You collected 131 gold pieces.

Inventory:

Hand Weapons
 a - a +0 short sword
 m - a +0 hunting sling
 q - a +0 spear of freezing (weapon)
 w - a cursed -3 short sword
 y - a cursed -2 whip
Missiles
 f - 93 sling bullets
 i - 277 stones (quivered)
 r - 5 arrows of dispersal
 A - 20 poisoned needles
Armour
 k - a cursed -2 large shield (worn)
 s - a +0 cloak (worn)
Jewellery
 j - a ring of stealth (left hand)
 u - a ring of wizardry (right hand)
Wands
 b - a wand of flame (10)
 c - a wand of enslavement (17)
 d - a wand of random effects (7)
Scrolls
 e - a scroll of enchant armour
 l - a scroll of recharging
 p - 3 scrolls of identify
Potions
 o - a potion of invisibility
 t - a potion of curing
 v - 2 potions of berserk rage {unknown}
Comestibles
 g - a slice of pizza
 h - a fruit
 n - a beef jerky
 x - 2 bread rations
 z - a meat ration


   Skills:
 + Level 2.9 Fighting
 - Level 2.4 Short Blades
 + Level 1.0 Polearms
 + Level 2.6 Dodging
 + Level 2.0 Stealth
 * Level 2.5 Shields
 + Level 4.2 Evocations


You had 5 spell levels left.
You didn't know any spells.

Dungeon Overview and Level Annotations

Branches:
Dungeon (4/15)
 Temple: D:4-7

Altars:


Innate Abilities, Weirdness & Mutations

Your plain brown scales are hard (AC +6).
Your body does not fit into most forms of armour.
You are cold-blooded and may be slowed by cold attacks.


Message History

The ogre is moderately wounded.
The ogre completely misses you.
You closely miss the ogre. You tail-slap the ogre.
The ogre is moderately wounded.
You block the ogre's attack.
You closely miss the ogre.
You tail-slap the ogre, but do no damage.
The ogre is moderately wounded.
You block the ogre's attack. The ogre hits you with a giant club.
Drink which item? (? for menu, Esc to quit)
Okay, then.
You hit the ogre. You freeze the ogre.
Your tail-slap misses the ogre.
The ogre is heavily wounded.
The ogre closely misses you.
You hit the ogre. You freeze the ogre.
The ogre is heavily wounded.
The ogre hits you with a giant club!
* * * LOW HITPOINT WARNING * * *
The ogre hits you with a giant club!
You die...

#......##.#
#......##.##########
#......##..........##########
.......#....................#
.......#....................#
.......#....................#
.......#....................#
#......'....................#
#......#.......#@O.##########
#......#.................#
...#.###.................#
##.#.# #.................#
...#.# #...........#######
...#.###.###.......#
##.#.#....##.......#
#..#.####.###+######
##.#....#.# #....#


You could see an ogre.

Vanquished Creatures
  Sigmund (D:2)
  A hound (D:3)
  Robin (D:2)
  2 adders
  3 gnolls (D:2)
  An ooze (D:2)
  2 worms
  7 giant geckos
  An orc (D:3)
  2 ball pythons
  3 giant cockroaches
  8 hobgoblins
  9 jackals
  8 kobolds
  A quokka (D:2)
  9 bats
  12 giant newts
  12 goblins
  A quokka skeleton (D:3)
  8 rats
92 creatures vanquished.

Vanquished Creatures (collateral kills)
  2 goblins (D:2)
  2 hobgoblins (D:2)
  2 jackals (D:2)
6 creatures vanquished.

Vanquished Creatures (others)
  An adder (D:2)
  A hobgoblin (D:2)
  2 goblins (D:2)
4 creatures vanquished.

Grand Total: 102 creatures vanquished

Notes
Turn   | Place    | Note
--------------------------------------------------------------
     0 | D:1      | 2d6 the Draconian Artificer began the quest for the Orb.
     0 | D:1      | Reached XP level 1. HP: 16/16 MP: 3/3
    98 | D:1      | Reached XP level 2. HP: 20/23 MP: 4/4
   577 | D:1      | Reached skill level 1 in Stealth
   887 | D:2      | Reached XP level 3. HP: 18/28 MP: 5/5
  1231 | D:2      | Noticed Sigmund
  1768 | D:2      | Reached XP level 4. HP: 19/36 MP: 6/6
  1769 | D:2      | Reached skill level 1 in Shields
  2140 | D:2      | Killed Sigmund
  2140 | D:2      | Reached skill level 4 in Evocations
  2140 | D:2      | Reached XP level 5. HP: 7/42 MP: 6/8
  2442 | D:2      | Noticed Robin
  2494 | D:2      | Reached XP level 6. HP: 17/50 MP: 9/9
  2499 | D:2      | Killed Robin
  3514 | D:3      | Reached skill level 1 in Polearms
  4237 | D:4      | Slain by an ogre

Action                   |  1- 3 |  4- 6 || total
-------------------------+-------+-------++-------
Melee: Short sword       |   198 |    54 ||   252
       Spear             |       |   110 ||   110
Throw: Stone             |     3 |       ||     3
Evoke: Wand              |       |    20 ||    20
  Use: Scroll            |     2 |     1 ||     3
       Potion            |       |     2 ||     2
 Stab: Sleeping          |       |    10 ||    10
  Eat: Chunk             |     2 |     5 ||     7
       Bread ration      |       |     1 ||     1
